Map: Vigía EE

Players

MrFercho

  • Race: Zerg Zerg
  • League: Silver
  • Spawn Location: 9:00

tigro

  • Race: Terran Terran
  • League: Bronze
  • Spawn Location: 9:00

TATORREA

  • Race: Protoss Protoss
  • League: Gold
  • Spawn Location: 12:00

SoulFilcher

  • Race: Protoss Protoss
  • Spawn Location: 5:00

Somuchtosay

  • Race: Protoss Protoss
  • League: Gold
  • Spawn Location: 6:00

NoControl

  • Race: Protoss Protoss
  • Spawn Location: 5:00

VOD

Have the link to the VOD?

Description

Time

  • Played on: July 6, 2020, 9:14 p.m.
  • Length: 14:39
Show
View Real Time Build Order
Export as new Build Order

MrFercho Zerg 

Build Orders: Hatch First 

Get SALT Encoding   

  12  0:01  Drone  
  13  0:09  Drone  
  14  0:23  Overlord  
  14  0:32  Extractor  
  13  0:36  Drone  
  14  0:59  Drone x2  
  14  1:02  Hatchery  
  15  1:19  Spawning Pool  
  15  1:22  Drone  
  15  1:26  Drone  
  15  1:30  Drone  
  17  1:39  Drone  
  18  1:44  Drone  
  20  1:54  Drone  
  20  2:06  Queen  
  22  2:11  Metabolic Boost  
  22  2:14  Drone  
  23  2:17  Overlord  
  23  2:25  Queen  
  23  2:27  Drone  
  26  2:40  Drone x4  
  30  2:48  Baneling Nest  
  29  2:52  Drone x2  
  29  2:57  Drone  
  32  3:06  Lair  
  32  3:09  Drone x2  
  34  3:15  Extractor, Drone  
  34  3:17  Extractor  
  33  3:24  Drone x3  
  36  3:29  Overlord  
  36  3:30  Overlord  
  36  3:31  Extractor  
  35  3:42  Drone  
  36  3:57  Drone  
  36  3:58  Drone x8  
  45  4:17  Drone x3  
  45  4:18  Drone  
  49  4:31  Zergling x6  
  52  4:33  Overlord  
  52  4:34  Overlord x2  
  52  4:42  Evolution Chamber  
  52  4:44  Centrifical Hooks  
  51  4:46  Evolution Chamber  
  51  4:50  Drone x2  
  52  5:06  Hatchery  
  51  5:10  Baneling x6  
  51  5:11  Zergling x2  
  51  5:12  Zergling x10  
  57  5:16  Zerg Ground Armor Level 1  
  57  5:22  Zerg Missile Weapons Level 1  
  57  5:24  Zergling x4  
  59  5:34  Drone x2  
  59  5:35  Drone x4  
  65  5:43  Zergling x2  
  65  5:48  Baneling x14  
  65  5:49  Baneling x2  
  66  6:08  Zergling x16  
  74  6:15  Drone  
  74  6:16  Drone  
  76  6:19  Drone  
  77  6:34  Hydralisk Den  
  76  6:49  Hatchery  
  76  6:50  Baneling x8  
  76  6:51  Baneling x10  
  76  6:52  Hatchery  
  74  6:59  Burrow  
  74  7:02  Pneumatized Carapace  
  74  7:06  Extractor  
  74  7:08  Extractor  
  72  7:09  Drone  
  72  7:10  Drone x9  
  72  7:14  Overlord x5  
  82  7:34  Zerg Missile Weapons Level 2, Zerg Ground Armor Level 2  
  82  7:49  Muscular Augments  
  82  7:51  Drone  
  83  7:59  Drone x10  
  93  8:06  Zergling x4  
  93  8:07  Zergling x8  
  99  8:13  Zergling x8  
  103  8:27  Zergling x2  
  103  8:28  Zergling x18  
  103  8:33  Zergling x2  
  103  8:34  Zergling x6  
  117  8:56  Zergling x22  
  117  8:57  Zergling x6  
  117  9:00  Grooved Spines  
  117  9:02  Baneling  
  131  9:03  Baneling x25  
  131  9:04  Baneling x15  
  131  9:05  Baneling x2  
  131  9:23  Baneling x5  
  131  9:24  Baneling x24  
  131  9:27  Zergling x2  
  131  9:28  Zergling x4  
  134  9:33  Overlord x4  
  134  9:50  Baneling  
  134  9:51  Baneling x9  
  71  11:11  Hydralisk  
  71  11:12  Hydralisk x15  
  98  11:56  Spine Crawler  
  98  11:57  Spine Crawler x2  
  98  11:58  Spine Crawler x5  
  98  11:59  Spine Crawler  
  98  12:00  Spine Crawler x2  
  87  12:03  Hydralisk x11  
  87  12:04  Spine Crawler, Hydralisk  
  87  12:05  Spine Crawler  
  106  12:31  Spore Crawler  
  106  12:33  Spore Crawler x2  
  103  13:03  Spore Crawler  
  100  13:08  Spore Crawler  
  100  13:10  Spore Crawler  
  84  13:13  Spore Crawler  
  42  13:28  Hydralisk x12  
  66  14:07  Hydralisk x7  
  66  14:08  Hydralisk x5  
Show
View Real Time Build Order
Export as new Build Order

tigro Terran 

Build Orders:  

Get SALT Encoding   

  12  0:02  SCV  
  14  0:14  SCV  
  15  0:28  SCV  
  15  0:34  Supply Depot  
  15  0:39  Refinery  
  15  0:56  SCV  
  16  1:04  Barracks  
  16  1:08  SCV  
  16  1:10  Refinery  
  17  1:20  SCV  
  18  1:26  Supply Depot  
  18  1:32  SCV  
  19  1:44  SCV  
  20  1:53  Marine  
  21  1:56  SCV  
  22  2:08  SCV  
  22  2:11  Marine  
  22  2:14  Factory  
  24  2:21  SCV  
  25  2:23  Engineering Bay  
  25  2:28  Marine  
  26  2:34  Orbital Command  
  26  2:46  Marine  
  26  2:51  Terran Infantry Weapons Level 1  
  27  3:04  Marine  
  28  3:08  Factory Tech Lab  
  28  3:23  Barracks Tech Lab, Starport  
  28  3:30  Siege Tank  
  31  3:42  Combat Shield  
  31  4:03  Barracks  
  31  4:18  Command Center  
  31  4:21  Medivac  
  33  4:40  Siege Tank  
  33  4:43  Marine  
  33  4:45  Terran Infantry Armor Level 1  
  37  4:52  Barracks Reactor  
  37  5:01  Stimpack, Marine  
  37  5:02  Starport Tech Lab  
  38  5:19  Marine  
  39  5:24  Refinery  
  39  5:32  Refinery  
  39  5:37  Marine  
  40  5:46  SCV  
  41  5:54  Marine  
  42  5:58  SCV  
  42  5:59  Starport  
  42  6:00  Marine x2  
  45  6:10  SCV  
  46  6:12  Marine  
  46  6:18  Marine x2  
  48  6:22  SCV  
  50  6:30  Marine  
  51  6:34  SCV  
  51  6:36  Marine x2  
  54  6:40  Missile Turret  
  54  6:46  SCV  
  55  6:48  Marine  
  55  6:53  Marine  
  57  6:56  Starport Tech Lab  
  57  6:58  SCV  
  58  7:03  Missile Turret  
  58  7:05  Siege Tank  
  61  7:10  SCV  
  62  7:18  Fusion Core  
  62  7:24  Missile Turret  
  62  7:41  Supply Depot  
  62  7:47  Missile Turret  
  62  8:02  SCV  
  62  8:04  Supply Depot  
  63  8:08  Armory  
  63  8:14  SCV, Weapon Refit  
  63  8:17  Neosteel Armor  
  64  8:21  Battlecruiser  
  64  8:25  Missile Turret  
  64  8:26  SCV  
  71  8:28  Supply Depot  
  71  8:38  SCV  
  72  8:47  Missile Turret  
  72  8:51  Supply Depot, SCV  
  73  9:01  Medivac  
  75  9:03  SCV  
  76  9:15  SCV  
  77  9:25  Battlecruiser  
  83  9:54  Rapid Reignition System, Missile Turret  
  83  9:56  Marine x3  
  83  9:57  Hi-Sec Auto Tracking  
  86  10:14  Marine x3  
  86  10:17  Terran Vehicle Weapons Level 1  
  86  10:20  Missile Turret  
  89  10:32  Marine x3  
  92  10:43  Missile Turret  
  92  10:49  Marine  
  92  10:50  Marine x2  
  92  10:54  Terran Infantry Weapons Level 2  
  95  11:07  Marine x2  
  95  11:08  Command Center, Marine  
  95  11:11  Missile Turret  
  98  11:25  Marine x3  
  99  11:32  Missile Turret  
  62  11:43  Marine x3  
  59  11:53  Medivac x2  
  63  12:01  Marine x2  
  65  12:09  Missile Turret  
  59  12:23  Battlecruiser x2  
  59  12:27  Missile Turret  
  68  12:30  Missile Turret x2  
  55  12:51  Missile Turret  
  55  12:52  Marine x3  
  49  13:08  Missile Turret  
  49  13:09  Marine  
  49  13:10  Marine x2  
  34  13:27  Marine x2, Battlecruiser  
  34  13:28  Marine  
  43  13:45  Marine x3  
  31  14:03  Marine x3  
  37  14:21  Marine x2  
Show
View Real Time Build Order
Export as new Build Order

TATORREA Protoss 

Build Orders:  

Get SALT Encoding   

  12  0:04  Probe  
  13  0:16  Probe  
  14  0:27  Pylon  
  14  0:28  Probe  
  15  0:45  Probe  
  15  0:48  Gateway  
  17  0:57  Probe  
  17  1:01  Assimilator  
  17  1:05  Pylon  
  17  1:09  Probe  
  18  1:21  Probe  
  19  1:33  Probe  
  20  1:45  Probe  
  21  1:57  Probe  
  22  2:08  Nexus  
  22  2:12  Cybernetics Core  
  22  2:14  Gateway, Probe  
  23  2:19  Assimilator  
  23  2:23  Probe  
  24  2:31  Probe  
  25  2:40  Probe  
  26  2:47  Pylon  
  26  2:48  Warp Gate  
  26  2:49  Stalker  
  28  2:52  Probe  
  29  3:02  Probe  
  29  3:03  Robotics Facility  
  30  3:08  Pylon  
  30  3:11  Probe  
  31  3:21  Probe  
  31  3:22  Probe  
  33  3:31  Stalker  
  35  3:36  Sentry  
  35  3:37  Probe  
  35  3:38  Probe  
  39  3:53  Probe x2  
  41  3:57  Immortal  
  45  4:08  Nexus  
  45  4:14  Pylon  
  45  4:21  Probe  
  45  4:22  Probe  
  47  4:35  Assimilator, Probe x2  
  47  4:36  Observer  
  47  4:37  Assimilator  
  50  4:41  Stalker  
  50  4:42  Stalker  
  54  4:47  Probe x2  
  56  4:54  Gateway  
  56  4:58  Gateway  
  56  4:59  Probe x2  
  58  5:06  Stalker  
  60  5:11  Probe x2  
  62  5:20  Probe  
  63  5:23  Probe  
  63  5:25  Probe  
  65  5:32  Probe  
  65  5:35  Pylon, Probe  
  66  5:37  Probe  
  66  5:39  Pylon  
  68  5:44  Pylon  
  68  5:49  Pylon  
  68  6:03  Pylon, Forge x2  
  68  6:06  Forge  
  68  6:07  Twilight Council  
  68  6:10  Probe x2  
  68  6:11  Probe  
  71  6:14  Stalker  
  71  6:15  Stalker x2  
  77  6:19  Sentry  
  77  6:21  Pylon  
  77  6:22  Probe  
  77  6:23  Probe x2  
  82  6:25  Pylon  
  82  6:29  Immortal  
  86  6:37  Probe  
  86  6:38  Probe  
  88  6:46  Probe  
  89  6:48  Assimilator x2  
  89  6:49  Stalker x3, Probe  
  89  6:52  Stalker  
  98  7:02  Probe x3  
  101  7:08  Immortal  
  105  7:18  Nexus  
  105  7:21  Pylon  
  105  7:29  Probe x2  
  108  7:30  Probe  
  108  7:31  Pylon  
  108  7:32  Pylon  
  108  7:46  Probe x2  
  108  7:47  Probe  
  108  7:49  Protoss Ground Armor Level 1, Protoss Ground Weapons Level 1, Protoss Shields Level 1  
  111  7:52  Blink  
  111  7:54  Gateway  
  111  7:55  Gateway  
  111  7:58  Gateway  
  111  7:59  Probe x3  
  111  8:01  Gateway  
  111  8:02  Immortal  
  118  8:06  Gateway  
  118  8:09  Gateway  
  118  8:19  Probe x3  
  121  8:31  Probe  
  121  8:32  Pylon  
  122  8:36  Pylon  
  122  8:42  Pylon  
  122  8:46  Pylon  
  122  8:50  Pylon  
  122  8:52  Probe  
  122  8:53  Probe x2  
  125  8:58  Assimilator  
  125  8:59  Stalker x3  
  125  9:00  Stalker x3, Assimilator  
  125  9:01  Stalker  
  125  9:02  Stalker  
  141  9:07  Pylon  
  145  9:10  Immortal  
  145  9:11  Pylon  
  145  9:15  Pylon  
  145  9:18  Pylon  
  145  9:40  Nexus  
  145  9:41  Pylon  
  145  9:44  Pylon  
  145  9:48  Probe, Templar Archives  
  146  10:00  Protoss Shields Level 2, Protoss Ground Armor Level 2, Protoss Ground Weapons Level 2  
  146  10:04  Stalker x2  
  146  10:05  Stalker x5  
  146  10:06  Stalker x3  
  166  10:29  Gateway  
  166  10:32  Gateway  
  166  10:34  Gateway  
  166  10:36  Gateway  
  166  10:38  Stalker x3  
  166  10:39  Stalker x4, Gateway  
  166  10:40  Stalker  
  166  10:41  Gateway  
  182  10:43  Gateway  
  182  10:45  Gateway  
  127  11:32  Stalker x3  
  99  11:33  Stalker x5  
  99  11:34  Stalker x3  
  99  11:35  Stalker x2  
  107  11:43  Stalker x3  
  107  11:44  Stalker x2  
  117  12:02  Stalker x5  
  117  12:03  Stalker x4  
  117  12:04  Stalker x2  
  117  12:05  Stalker x2  
  107  12:44  Stalker  
  107  12:45  Stalker x4  
  107  12:46  Stalker x5  
  107  12:47  Stalker x5  
  107  12:48  Stalker x3  
  137  13:03  Stalker x2  
  137  13:04  Stalker  
Show
View Real Time Build Order
Export as new Build Order

SoulFilcher Protoss 

Build Orders:  

Get SALT Encoding   

  12  0:02  Probe  
  13  0:16  Probe  
  14  0:28  Probe  
  14  0:30  Pylon  
  15  0:39  Assimilator  
  15  0:46  Probe  
  16  0:51  Gateway  
  16  0:54  Probe  
  16  1:00  Assimilator  
  16  1:02  Probe  
  18  1:12  Probe  
  19  1:20  Probe  
  20  1:29  Probe  
  21  1:34  Gateway  
  21  1:49  Cybernetics Core  
  21  1:57  Gateway  
  21  2:00  Pylon  
  21  2:07  Gateway  
  21  2:15  Forge  
  21  2:25  Warp Gate  
  21  2:28  Pylon  
  21  2:43  Stalker  
  23  2:48  Protoss Ground Weapons Level 1  
  23  3:13  Nexus  
  23  3:30  Pylon  
  23  3:34  Probe  
  23  3:38  Stalker  
  26  3:41  Stalker  
  28  3:54  Photon Cannon  
  28  4:10  Assimilator  
  28  4:19  Stalker  
  28  4:20  Stalker  
  32  4:24  Probe  
  32  4:27  Assimilator  
  33  4:32  Probe  
  33  4:34  Probe  
  35  4:42  Probe  
  35  4:49  Robotics Facility  
  36  4:58  Stalker  
  38  5:01  Stalker  
  40  5:08  Probe  
  41  5:14  Probe  
  41  5:17  Probe  
  43  5:25  Probe  
  43  5:33  Probe  
  43  5:35  Probe  
  46  5:44  Observer  
  46  5:45  Probe  
  46  5:47  Probe, Protoss Shields Level 1  
  46  5:49  Stalker  
  51  5:51  Stalker  
  53  5:57  Probe  
  54  6:10  Probe  
  55  6:18  Probe  
  55  6:25  Robotics Bay  
  56  6:26  Twilight Council  
  56  6:28  Probe  
  56  6:31  Forge  
  57  6:36  Gateway  
  57  6:44  Pylon  
  57  7:00  Pylon  
  57  7:08  Blink  
  57  7:11  Protoss Ground Weapons Level 2  
  57  7:13  Extended Thermal Lance  
  57  7:14  Colossus  
  57  7:15  Probe  
  63  7:21  Probe  
  64  7:23  Probe  
  64  7:29  Probe  
  66  7:33  Probe  
  68  7:43  Nexus  
  68  7:45  Stalker  
  68  7:46  Stalker  
  72  7:56  Assimilator  
  72  8:01  Assimilator  
  72  8:08  Protoss Shields Level 2  
  72  8:24  Pylon  
  72  8:31  Pylon  
  72  8:35  Colossus  
  78  8:42  Robotics Facility  
  78  8:51  Stalker  
  78  8:52  Stalker x3, Probe  
  86  9:00  Probe  
  87  9:08  Photon Cannon  
  88  9:10  Photon Cannon, Probe  
  89  9:17  Pylon  
  89  9:25  Probe  
  89  9:31  Stalker x2  
  92  9:32  Stalker  
  92  9:33  Stalker  
  92  9:35  Stalker  
  92  9:38  Probe  
  101  9:52  Protoss Ground Weapons Level 3  
  101  9:58  Gravitic Boosters  
  101  10:00  Colossus  
  101  10:03  Colossus  
  101  11:27  Stalker x3  
  101  11:50  Colossus  
  107  11:59  Pylon  
  105  12:04  Colossus  
  61  12:44  Immortal  
  65  12:52  Stalker x3  
  65  12:53  Stalker x2  
  75  13:00  Pylon  
  75  13:01  Immortal  
  79  13:33  Stalker x2  
  79  13:34  Stalker x2  
  85  13:35  Gateway  
  85  13:37  Gateway, Stalker  
  89  14:05  Stalker x3  
  89  14:06  Stalker x2  
Show
View Real Time Build Order
Export as new Build Order

Somuchtosay Protoss 

Build Orders: Carriers, Carrier Rush 

Get SALT Encoding   

  12  0:02  Probe  
  13  0:14  Probe  
  14  0:22  Pylon  
  14  0:26  Probe  
  15  0:40  Probe  
  16  0:45  Gateway  
  16  0:52  Probe  
  17  1:02  Assimilator  
  17  1:06  Probe  
  18  1:18  Probe  
  19  1:30  Probe  
  20  1:33  Forge  
  20  1:46  Assimilator  
  20  1:48  Probe  
  20  1:49  Pylon  
  21  2:00  Probe  
  22  2:08  Cybernetics Core  
  22  2:13  Probe  
  23  2:21  Nexus  
  23  2:23  Assimilator  
  23  2:24  Probe  
  23  2:28  Assimilator  
  24  2:32  Probe  
  25  2:40  Probe  
  25  2:47  Stargate  
  26  2:51  Probe  
  26  2:53  Pylon  
  27  3:03  Probe  
  28  3:15  Probe  
  29  3:27  Probe  
  29  3:32  Probe  
  30  3:34  Fleet Beacon  
  30  3:40  Probe  
  32  3:49  Probe, Stargate  
  33  3:58  Carrier  
  33  4:01  Probe  
  34  4:13  Probe  
  35  4:18  Carrier  
  41  4:25  Probe  
  42  4:37  Probe  
  49  4:50  Pylon, Probe  
  50  4:55  Carrier  
  50  5:02  Probe  
  51  5:14  Probe  
  58  5:15  Pylon  
  58  5:23  Carrier  
  58  5:26  Probe  
  65  5:38  Pylon, Probe  
  66  5:49  Carrier  
  66  5:50  Probe  
  73  6:07  Pylon  
  73  6:17  Carrier  
  79  6:45  Nexus  
  79  6:47  Assimilator, Carrier  
  79  6:53  Assimilator  
  85  6:55  Pylon  
  85  6:57  Pylon  
  85  7:15  Pylon  
  85  7:16  Pylon  
  85  7:19  Pylon  
  85  7:22  Carrier  
  91  7:30  Shield Battery  
  91  7:35  Shield Battery  
  91  7:39  Shield Battery  
  91  7:52  Carrier  
  91  7:58  Protoss Shields Level 1  
  97  8:01  Robotics Facility  
  97  8:02  Twilight Council  
  97  8:06  Protoss Air Weapons Level 1  
  97  8:26  Carrier  
  103  8:40  Photon Cannon  
  103  8:43  Photon Cannon  
  103  8:46  Photon Cannon  
  103  8:48  Photon Cannon  
  103  8:54  Photon Cannon  
  103  8:57  Observer  
  104  9:17  Carrier  
  110  9:28  Probe  
  111  9:40  Probe  
  111  9:43  Carrier  
  118  10:00  Stargate x2  
  118  10:05  Pylon x2  
  118  10:07  Pylon  
  118  10:15  Protoss Air Armor Level 1, Robotics Bay  
  118  10:18  Stargate  
  118  10:19  Stargate  
  118  10:26  Pylon x2  
  118  10:30  Pylon  
  118  10:50  Nexus  
  118  10:54  Assimilator  
  118  10:57  Assimilator  
  118  11:31  Carrier x2  
  124  12:06  Carrier  
  124  12:07  Carrier, Probe  
  137  12:15  Probe  
  138  12:23  Carrier  
  138  12:25  Probe  
  145  12:37  Probe  
  146  12:49  Probe  
  147  13:01  Probe  
  142  13:13  Probe  
  142  13:19  Carrier x3  
Show
View Real Time Build Order
Export as new Build Order

NoControl Protoss 

Build Orders: Carriers 

Get SALT Encoding   

  12  0:02  Probe  
  13  0:14  Probe  
  14  0:26  Pylon  
  14  0:29  Probe  
  15  0:44  Probe  
  15  0:47  Gateway  
  16  0:57  Probe  
  17  1:09  Probe  
  17  1:10  Forge  
  18  1:17  Assimilator, Probe  
  18  1:25  Probe  
  19  1:31  Gateway  
  20  1:36  Probe  
  21  1:43  Pylon  
  21  1:48  Probe  
  22  1:57  Photon Cannon  
  22  1:59  Pylon  
  22  2:00  Probe  
  23  2:12  Probe  
  24  2:15  Pylon  
  24  2:17  Pylon  
  24  2:24  Probe  
  25  2:35  Photon Cannon  
  25  2:47  Cybernetics Core  
  25  2:59  Nexus  
  25  3:01  Assimilator  
  25  3:09  Probe  
  26  3:22  Probe  
  27  3:34  Photon Cannon, Probe  
  28  3:40  Stargate  
  28  3:42  Stargate  
  28  3:46  Probe  
  29  3:58  Probe  
  30  4:03  Pylon  
  30  4:10  Probe  
  31  4:17  Robotics Facility  
  31  4:18  Pylon  
  31  4:22  Probe  
  32  4:26  Photon Cannon, Probe  
  33  4:33  Stalker  
  33  4:34  Probe  
  33  4:38  Probe  
  37  4:39  Stalker  
  39  4:46  Probe  
  39  4:50  Probe  
  41  4:58  Fleet Beacon  
  41  5:00  Pylon  
  41  5:11  Assimilator  
  41  5:12  Assimilator  
  41  5:17  Pylon  
  41  5:18  Stalker x2  
  41  5:20  Probe x2  
  47  5:28  Probe x2  
  49  5:37  Probe  
  49  5:38  Probe  
  49  5:41  Pylon  
  49  5:42  Pylon  
  51  5:47  Observer  
  52  6:11  Photon Cannon  
  52  6:12  Photon Cannon  
  52  6:14  Photon Cannon  
  52  6:18  Nexus  
  52  6:21  Photon Cannon  
  52  6:22  Assimilator  
  52  6:24  Probe  
  52  6:25  Probe  
  54  6:27  Assimilator  
  54  6:36  Probe  
  54  6:37  Tempest, Probe  
  61  6:43  Tempest  
  66  6:48  Probe, Observer  
  66  6:49  Probe  
  69  7:00  Probe  
  70  7:05  Shield Battery  
  70  7:06  Shield Battery  
  70  7:07  Probe  
  71  7:09  Shield Battery, Observer  
  71  7:13  Probe  
  73  7:15  Photon Cannon  
  73  7:19  Probe  
  73  7:21  Photon Cannon  
  74  7:25  Probe  
  75  7:31  Probe  
  75  7:34  Stargate  
  75  7:35  Stargate  
  75  7:36  Cybernetics Core  
  76  7:37  Probe  
  76  7:43  Probe  
  78  7:48  Observer  
  79  7:54  Tempest  
  79  7:55  Tempest  
  89  8:09  Observer  
  89  9:07  Carrier  
  89  9:08  Carrier x3  
  113  10:07  Carrier x2  
  113  10:12  Probe x3  
  127  10:24  Probe x3  
  127  10:25  Pylon  
  127  10:27  Pylon  
  130  10:30  Pylon  
  130  10:36  Probe  
  130  10:42  Pylon, Observer  
  132  10:44  Pylon  
  123  10:59  Protoss Air Weapons Level 1  
  123  11:00  Protoss Air Armor Level 1  
  123  11:04  Observer  
  120  11:21  Carrier  
  112  11:26  Carrier  
  116  11:34  Probe  
  117  12:08  Pylon x2  
  117  12:10  Pylon  
  117  12:11  Pylon  
  117  12:17  Pylon  
  117  12:19  Pylon  
  117  12:22  Probe  
  117  12:26  Probe x2  
  119  12:31  Nexus  
  119  12:33  Assimilator  
  119  12:34  Probe  
  120  12:37  Assimilator  
  120  12:38  Probe x2  
  120  12:40  Pylon  
  120  12:42  Pylon  
  122  12:46  Probe  
  122  12:50  Probe x2  
  125  12:59  Probe  
  125  13:02  Carrier x2, Probe x2  
  125  13:03  Carrier  
  146  13:11  Probe  
  141  13:13  Stargate  
  141  13:14  Probe  
  141  13:15  Stargate  
  131  13:54  Probe  
  131  13:55  Probe x2  
  134  14:01  Probe  
  135  14:07  Probe x3  
  138  14:13  Probe  
  139  14:19  Probe x3  
  172  14:25  Probe  
  172  14:30  Forge  
  174  14:32  Gateway x2  
Tags
 
Add a new tag
Caveats
  • Supply blocks, unpowered buildings, or Contaminate may cause inaccurate times.
  • Supply counts are checked every 10 seconds.